 Dungeon Crawl Stone Soup version 0.31-a0-95-g6fa058ef04 (webtiles) character file.

Game seed: 12475962883240074776

67 ytrimaz the Trooper (level 4, -1/48 HPs)
             Began as an Ogre Berserker on May 25, 2023.
             Was a Believer of Trog.
             Slain by a giant cockroach (2 damage)
             ... on level 2 of the Dungeon.
             The game lasted 00:01:40 (1768 turns).

ytrimaz the Trooper (Ogre Berserker)                Turns: 1768, Time: 00:01:40

Health: -1/48      AC:  4    Str: 20 (23) XL:     4   Next: 18%
Magic:  4/4        EV:  9    Int:  7 (8)  God:    Trog [**....]
Gold:   54         SH:  0    Dex:  5 (8)  Spells: 3/3 levels left

rFire   . . .        d - +0 flail
rCold   . . .        (no shield)
rNeg    . . .        b - +0 animal skin
rPois   .            (helmet restricted)
rElec   .            g - +0 cloak
rCorr   .            (gloves unavailable)
SInv    .            (boots unavailable)
Will    ++...        (no amulet)
Stlth   +            (no ring)
HPRegen 1.28/turn    (no ring)
MPRegen 0.09/turn

%: no passive effects
@: lethally poisoned (-1 -> -2), strong-willed, regenerating
A: large, unfitting armour, tough skin 1
a: Renounce Religion, Berserk, Trog's Hand


You were on level 2 of the Dungeon.
You worshipped Trog.
Trog was pleased with you.
You visited 1 branch of the dungeon, and saw 2 of its levels.

You collected 82 gold pieces.
You spent 28 gold pieces at shops.


Innate Abilities, Weirdness & Mutations

You are too large for most types of armour.
You have tough skin. (AC +1)


   Skills:
 - Level 4.0 Fighting
 + Level 3.6 Maces & Flails
 + Level 2.4 Throwing
 - Level 2.6 Dodging


You had 3 spell levels left.
You didn't know any spells.
Your spell library was empty.

Inventory:

Hand Weapons
 a - a +0 mace
 d - a +0 flail (weapon)
   (You found it on level 1 of the Dungeon)
Armour
 b - a +0 animal skin (worn)
 g - a +0 cloak (worn)
   (You found it on level 2 of the Dungeon)
Jewellery
 h - a ring of fire
   (You found it on level 2 of the Dungeon)
Potions
 c - a potion of mutation
 e - a potion of haste
 f - a potion of degeneration

Dungeon Overview and Level Annotations

Branches:
Dungeon (2/15) Zot: 10199

Altars:

Shops:
D:1

?
#.........###..##......#
#........## ##.##......#
#.........# #..........#
#......#.## ##.#....####
.....#### ####...#
#.#.## .. ##..#
#.#..#### .####...#
#.....#.##.##.#....#
#####...@B.#....#.##
###.##(##.###.#
#..###..#...#
##..#.....### #......###
#.....## #######


You could see a giant cockroach.


Message History

You kill the bat!
Trog accepts your kill.
You have reached level 4! 😎 HP[+9] MP[+1]
You now have 48 max hp (+9).
Your hp is fully restored (48).
Your mp is fully restored (4).
As you open the door, it creaks loudly!
A goblin and an adder come into view.
The goblin is wielding a +2 dagger of venom.
The goblin shouts!
The adder hisses angrily.
There are monsters nearby!
There are monsters nearby!
There are monsters nearby!
You thump the adder! The adder bites you.
You are poisoned.
The adder poisons you! The adder bites you but does no damage.
A giant cockroach comes into view. 😕 HP[-2]
You take 2 damage, and now have 46/48 hp.
You closely miss the adder.
You feel sick. The adder barely misses you. The adder bites you.
You are more poisoned.
The adder poisons you! 😕 HP[-5]
You take 5 damage, and now have 41/48 hp.
You miss the adder.
You feel sick. The adder misses you.
Unknown command.
You barely miss the adder.
You feel sick. The adder closely misses you. The adder bites you. 😕 HP[-4]
You take 4 damage, and now have 37/48 hp.
Unknown command.
You hit the adder.
You kill the adder!
Trog accepts your kill.
You feel sick. 😮 HP[-1]
You take 1 damage, and now have 36/48 hp.
You closely miss the goblin.
You feel sick.
The goblin hits you with a +2 dagger of venom.
You are more poisoned. 😮 HP[-2]
You take 2 damage, and now have 34/48 hp.
You barely miss the goblin.
You feel sick.
The goblin hits you with a +2 dagger of venom.
You are more poisoned. 😮 HP[-7]
You take 7 damage, and now have 27/48 hp.
You hit the goblin.
You feel very sick.
The goblin hits you with a +2 dagger of venom.
* * * LOW HITPOINT WARNING * * *
You are lethally poisoned!
The giant cockroach waves its antennae. 😨 HP[-6]
You take 6 damage, and now have 21/48 hp.
You closely miss the goblin.
* * * LOW HITPOINT WARNING * * *
You feel extremely sick. The goblin hits you but does no damage.
The goblin closely misses you. 😨 HP[-6]
You take 6 damage, and now have 15/48 hp.
You sock the goblin!
You kill the goblin!
Trog accepts your kill.
* * * LOW HITPOINT WARNING * * *
You feel very sick. The giant cockroach bites you.
* * * LOW HITPOINT WARNING * * *
Unknown command. 😱 HP[-7]
You take 7 damage, and now have 8/48 hp.
Unknown command.
Okay, then.
Your skin crawls.
You feel strong-willed.
You feel very sick.
The giant cockroach bites you but does no damage. 😱 HP[-2]
You take 2 damage, and now have 6/48 hp.
Unknown command.
You barely miss the giant cockroach.
* * * LOW HITPOINT WARNING * * *
You feel very sick.
The giant cockroach barely misses you. x2 😱 HP[-2]
You take 2 damage, and now have 4/48 hp.
You hit the giant cockroach but do no damage.
You feel sick. The giant cockroach bites you.
* * * LOW HITPOINT WARNING * * *
😱 HP[-2]
You take 2 damage, and now have 2/48 hp.
Unknown command.
Okay, then.
It was a potion of degeneration.
There was something very wrong with that liquid.
You feel weakened.
You feel dopey.
You feel clumsy.
* * * LOW HITPOINT WARNING * * *
You feel sick. The giant cockroach bites you.
You die...

Skill      XL: |  1  2  3 |
---------------+----------+-----
Maces & Flails | 3 |  3.6
Throwing       | 1 2 |  2.4
Fighting       | |  4.0
Dodging        | |  2.6

Action                     |  1- 3 |  4- 6 || total
---------------------------+-------+-------++-------
  Melee: Mace              |    29 |       ||    29
         Flail             |    92 |    12 ||   104
 Invoke: Trog's Hand       |       |     1 ||     1
    Use: Scroll            |     2 |       ||     2
         Potion            |       |     1 ||     1
   Stab: Sleeping          |     1 |       ||     1
 Armour: Animal skin       |    57 |     3 ||    60
  Dodge: Dodged            |    82 |     6 ||    88

Levels and vault maps discovered:
D:1:      minmay_arrival_split_and_join, layout_loops_ring, serial_shops, shop,
          minmay_crystal_water
D:2:      layout_basic, shapermc_ecumenical_altar_mp_urbaneastern,
          minmay_fractal_squares_gapless_5

Notes
Turn   | Place    | Note
-------+----------+-------------------------------------------
     0 | D:1      | ytrimaz the Ogre Berserker began the quest for the Orb.
     0 | D:1      | Reached XP level 1. HP: 24/24 MP: 1/1
     0 | D:1      | magus.rc [v1.9.6]
   101 | D:1      | Reached skill level 3 in Maces & Flails
   101 | D:1      | Reached skill level 1 in Throwing
   101 | D:1      | Reached XP level 2. HP: 32/32 MP: 2/2
   184 | D:1      | Found Hobon's Magic Scroll Boutique.
   202 | D:1      | Bought a scroll of identify for 28 gold pieces
   653 | D:1      | Reached XP level 3. HP: 35/39 MP: 3/3
   763 | D:1      | Reached ** piety under Trog
  1154 | D:2      | Reached skill level 2 in Throwing
  1329 | D:2      | Found a faded altar of an unknown god.
  1727 | D:2      | Reached XP level 4. HP: 48/48 MP: 4/4
  1764 | D:2      | HP: 9/48 [poisoned by a goblin]
  1766 | D:2      | HP: 4/48 [poisoned by a goblin]
  1768 | D:2      | HP: 1/48 [poisoned by a goblin]
  1768 | D:2      | Slain by a giant cockroach

Vanquished Creatures
  2 adders (D:2)
  2 worms (D:2)
  2 dart slugs (D:1)
  3 ball pythons (D:1)
  7 bats
  2 endoplasms
  4 giant cockroaches
  A goblin (D:2)
  3 hobgoblins
  2 jackals (D:1)
  3 kobolds
  A quokka (D:1)
  3 frilled lizards
  3 rats (D:1)
38 creatures vanquished.

Table legend:
 A = Non-vault XP
 B = Vault XP
 C = Vault XP percentage of total XP
 D = Non-vault monster count
 E = Vault monster count
 F = Vault count percentage of total count
                 A         B        C        D         E       F
            +---------+---------+-------+---------+---------+-------
      Total |      82 |      15 |  15.5 |      36 |       2 |   5.3
            +---------+---------+-------+---------+---------+-------
        D:1 |      40 |       0 |   0.0 |      21 |       0 |   0.0
        D:2 |      42 |      15 |  26.3 |      15 |       2 |  11.8
            +---------+---------+-------+---------+---------+-------

Skill      XL: |  1  2  3 |
---------------+----------+-----
Maces & Flails | 3 |  3.6
Throwing       | 1 2 |  2.4
Fighting       | |  4.0
Dodging        | |  2.6

Action                     |  1- 3 |  4- 6 || total
---------------------------+-------+-------++-------
  Melee: Mace              |    29 |       ||    29
         Flail             |    92 |    12 ||   104
 Invoke: Trog's Hand       |       |     1 ||     1
    Use: Scroll            |     2 |       ||     2
         Potion            |       |     1 ||     1
   Stab: Sleeping          |     1 |       ||     1
 Armour: Animal skin       |    57 |     3 ||    60
  Dodge: Dodged            |    82 |     6 ||    88

Illustrated notes

Table legend:
 A = Kills in this place as a percentage of kills in the entire game.
 B = Kills by you in this place as a percentage of kills by you in the entire game.
 C = Kills by friends in this place as a percentage of kills by friends in the entire game.
 D = Other kills in this place as a percentage of other kills in the entire game.
 E = Experience gained in this place as a percentage of experience gained in the entire game.
 F = Experience gained in this place divided by the number of levels of this place that you have seen.
                   A       B       C       D       E      F
               +-------+-------+-------+-------+-------+----------------------
         Total | 100.0 | 100.0 |   N/A |   N/A | 100.0 |  48.5
       Dungeon | 100.0 | 100.0 |   N/A |   N/A | 100.0 |  48.5
               +-------+-------+-------+-------+-------+----------------------

Table legend: (Time is in decaauts)
 A = Elapsed time spent in this place.
 B = Non-inter-level travel time spent in this place.
 C = Inter-level travel time spent in this place.
 D = Time resting spent in this place.
 E = Time spent auto-exploring this place.
 F = Levels seen in this place.
 G = Mean time per level.
                   A        B        C        D        E       F      G
               +--------+--------+--------+--------+--------+-----+--------+
         Total |   1799 |   1709 |     90 |      0 |   1404 |   2 |  899.5 |
       Dungeon |   1799 |   1709 |     90 |      0 |   1404 |   2 |  899.5 |
               +--------+--------+--------+--------+--------+-----+--------+

Top non-repeatable levels by time:
     D:1: 1053 daAuts
     D:2: 745 daAuts
